 Dungeon Crawl Stone Soup version 0.24.0-10-g970556be89 (webtiles) character file.

Game seed: 4044837864052506294, levelgen mode: deterministic

50185 Monsterracer the Basher (level 14, -3/92 HPs)
             Began as a Gargoyle Fighter on Nov 3, 2019.
             Was the Champion of the Shining One.
             Slain by a titanic slime creature (85 damage)
             ... on level 15 of the Dungeon.
             The game lasted 00:23:09 (18658 turns).

Monsterracer the Basher (Gargoyle Fighter)         Turns: 18658, Time: 00:23:09

Health: -3/92      AC: 37    Str: 25    XL:     14   Next: 54%
Magic:  10/22      EV:  6    Int: 11    God:    the Shining One [******]
Gold:   536        SH:  0    Dex:  9    Spells: 13/13 levels left

rFire    + . .     SeeInvis .   b - +1 whip (elec)
rCold    + . .     Gourm    .   B - +2 large shield
rNeg     + + +     Faith    .   F - +4 chain mail {rN+}
rPois    ∞         Spirit   .   K - +1 helmet
rElec    +         Reflect  .   i - scarf {rC+ rF+}
rCorr    .         Harm     .   A - +1 pair of gloves
MR       +....                  u - +1 pair of boots
Stlth    ..........             (no amulet)
HPRegen  0.25/turn              x - +2 ring of strength (curse)
MPRegen  0.18/turn              E - +3 ring of protection

@: confused, flying, glowing
A: big wings, negative energy resistance 1, electricity resistance, unbreathing,
petrification resistance, rot immunity, AC +10
a: Stop Flying, Divine Shield, Cleansing Flame, Summon Divine Warrior, Brand
Weapon With Holy Wrath, Renounce Religion


You were on level 15 of the Dungeon.
You worshipped the Shining One.
The Shining One was exalted by your worship.
You were not hungry.

You visited 2 branches of the dungeon, and saw 16 of its levels.
You also visited: Bailey.

You collected 1294 gold pieces.
You spent 758 gold pieces at shops.

Inventory:

Hand Weapons
 a - a +1 flail
 b - a +1 whip of electrocution (weapon)
   (You took it off Pikel on level 5 of the Dungeon)
Missiles
 y - 8 throwing nets (quivered) {!f}
Armour
 i - a scarf of resistance (worn)
   (You bought it in a shop on level 4 of the Dungeon)
 u - a +1 pair of boots (worn)
   (You bought it in a shop on level 4 of the Dungeon)
 A - a +1 pair of gloves (worn)
   (You bought it in a shop on level 4 of the Dungeon)
 B - a +2 large shield (worn)
   (You found it on level 9 of the Dungeon)
 F - a +4 chain mail of positive energy (worn)
   (You bought it in a shop on level 4 of the Dungeon)
 K - a +1 helmet (worn)
   (You found it on level 1 of the Dungeon)
Jewellery
 w - an uncursed ring of ice
   (You found it on level 1 of the Dungeon)
 x - a cursed +2 ring of strength (left hand)
   (You found it on level 2 of the Dungeon)
 E - a +3 ring of protection (right hand)
   (You bought it in a shop on level 4 of the Dungeon)
Wands
 d - a wand of flame (20)
   (You found it on level 4 of the Dungeon)
 k - a wand of enslavement (7)
   (You found it on level 6 of the Dungeon)
 o - a wand of digging (7)
   (You found it on level 5 of the Dungeon)
 v - a wand of acid (6)
   (You found it on level 6 of the Dungeon)
 J - a wand of iceblast (7)
   (You found it on level 13 of the Dungeon)
 L - a wand of polymorph (19)
   (You found it on level 13 of the Dungeon)
Scrolls
 m - 5 scrolls of magic mapping
 p - 4 scrolls of enchant weapon
 r - 14 scrolls of remove curse
 t - 10 scrolls of teleportation {!r}
 D - a scroll of fog {!r}
 X - 3 scrolls of blinking
Potions
 e - 12 potions of curing
 g - a potion of agility
 h - a potion of haste
 j - 3 potions of might
 n - a potion of berserk rage {!q}
 q - 5 potions of mutation {!q}
 s - 2 potions of lignification
 z - 2 potions of brilliance
 C - a potion of ambrosia {!q}
 G - a potion of cancellation
 H - a potion of resistance
 I - a potion of flight
Comestibles
 c - 32 rations
 l - 2 chunks of flesh


   Skills:
 * Level 12.4 Fighting
 - Level 14.0 Maces & Flails
 + Level 11.2 Armour
 + Level 0.5 Dodging
 + Level 11.3 Shields
 * Level 11.4 Invocations
 + Level 0.6 Evocations


You had 13 spell levels left.
You didn't know any spells.
Your spell library contained the following spells:

 Spells                   Type           Power        Failure   Level  Hunger
 Flame Tongue             Conj/Fire      #....        100%        1    ##.....
 Sandblast                Erth           #.....       100%        1    ##.....
 Passwall                 Tmut/Erth      #.......     100%        2    ###....
 Throw Flame              Conj/Fire      #.....       100%        2    ###....
 Conjure Flame            Conj/Fire      #.......     100%        3    ####...
 Inner Flame              Hex/Fire       #.......     100%        3    ####...
 Stone Arrow              Conj/Erth      #.....       100%        3    ####...
 Petrify                  Tmut/Erth      #.......     100%        4    #####..
 Sticky Flame             Conj/Fire      #.......     100%        4    #####..
 Fireball                 Conj/Fire      #.........   100%        5    ######.
 Lee's Rapid Deconstruct  Erth           #.........   100%        5    ######.


Dungeon Overview and Level Annotations

Branches:
Dungeon (15/15)            Temple (1/1) D:5            Lair (0/6) D:9
    Orc (0/2) D:12         Vaults (0/5) D:13         Bailey (visited)
 Depths: D:15

Altars:
Ashenzari
Cheibriados
Dithmenos
Elyvilon
Fedhas
Gozag
Hepliaklqana
Kikubaaqudgha
Makhleb
Nemelex Xobeh
Okawaru
Qazlal
Ru
Sif Muna
Trog
Uskayaw
Vehumet
Wu Jian
Xom
Yredelemnul
Zin
The Shining One

Shops:
D:4 ==[:[   D:9 %

Portals:
Trove: D:11 (give 12 potions of heal wounds)

Annotations:
D:15 1 runed translucent door


Innate Abilities, Weirdness & Mutations

You are resistant to torment.
Your stone body is resilient. (AC +10)
You are immune to poison.
Your large and strong wings let you fly indefinitely.
You resist negative energy. (rN+)
You are resistant to electric shocks. (rElec)
You can survive without breathing.
You are immune to petrification.
You are immune to rotting.


Message History

You hit the white ugly thing.
The white ugly thing is moderately wounded.
You block the white ugly thing's attack.
Your shield and chain mail prevent you from hitting the white ugly thing.
The white ugly thing is moderately wounded.
You whack the white ugly thing!
The white ugly thing is heavily wounded.
The white ugly thing bites you but does no damage.
You whack the white ugly thing!
The white ugly thing is severely wounded.
You block the white ugly thing's attack.
You hit the white ugly thing.
Lightning courses through the white ugly thing!
The white ugly thing is almost dead.
A blink frog comes into view.
The blink frog gives a loud, deep croak!
You hit the white ugly thing.
Lightning courses through the white ugly thing!
You kill the white ugly thing!
A slime creature comes into view.
You whack the slime creature!
The slime creature is lightly wounded.
You hit the slime creature.
Lightning courses through the slime creature!
The slime creature is heavily wounded.
The eye of draining gazes at you.
You feel your power leaking away. You block the slime creature's attack.
You whack the slime creature!
The slime creature is heavily wounded.
A slime creature comes into view.
The slime creature quivers. x2
You hit the slime creature but do no damage.
The slime creature is heavily wounded.
You block the slime creature's attack.
You whack the slime creature!
The slime creature is severely wounded.
Two slime creatures merge to form a large slime creature.
You block the slime creature's attack.
A slime creature comes into view.
You completely miss the slime creature.
The slime creature is severely wounded.
The slime creature quivers.
A slime creature comes into view.
The blink frog blinks!
The slime creature quivers.
You whack the slime creature!
The slime creature is almost dead.
Two slime creatures merge to form a very large slime creature.
You block the slime creature's attack.
Two slime creatures merge to form an enormous slime creature.
You whack the slime creature!
Lightning courses through the slime creature!
You kill the slime creature!
You whack the blink frog!
The blink frog is moderately wounded.
You block the blink frog's attack. The eye of draining gazes at you.
You feel your power leaking away.
You barely miss the blink frog.
The blink frog is moderately wounded.
The blink frog blinks!
You swing at nothing.
The blink frog hits you but does no damage.
You hit the slime creature.
The slime creature is lightly wounded.
You block the slime creature's attack.
You hit the slime creature but do no damage.
The slime creature is lightly wounded.
The blink frog blinks!
You hit the slime creature but do no damage.
The slime creature is lightly wounded.
You block the slime creature's attack.
You hit the slime creature.
The slime creature is lightly wounded.
Two slime creatures merge to form a titanic slime creature.
The blink frog blinks!
You whack the titanic slime creature!
Lightning courses through the titanic slime creature!
The titanic slime creature is lightly wounded.
The eye of draining gazes at you.
You hit the titanic slime creature.
Lightning courses through the titanic slime creature!!
The titanic slime creature is lightly wounded.
The eye of draining changes into an orb spider!
A golden eye comes into view.
The golden eye blinks at you.
You are confused.
The golden eye blinks at you.
You are more confused.
The golden eye blinks at you.
You easily resist.
You bump into the rock wall.
The titanic slime creature hits you but does no damage.
The golden eye blinks at you.
You easily resist.
You're too confused to move!
The golden eye blinks!
The blink frog blinks!
The titanic slime creature hits you!!!!
Ouch! That really hurt!
You die...

#........#.#.#
#†#
#........#.#.#.
##'#
#.#####.##.#.#.
#..# #.#
#.##.#.#. ##G##
#.# #.##.#.#.
#.F# #.#
#.##<#.#. ##.##
#.# #.####.#.
#..# #.#
#......#.#####.##
#.#
########.@J§sF§#
##.# ######.##
...#
#.############
##.#
#.............
###
#.############
###


You could see a titanic slime creature, an orb spider shaped shifter and a blink
frog.

Vanquished Creatures
  An ironheart preserver (D:13)
  The ghost of Lanoc the Fighter, a journeyman OgCK of Xom (D:10)
  Snorg (D:14)
  2 hydras (D:11 D:14)
  8 centaur warriors (D:13 D:14 D:15)
  A two-headed ogre (D:6)
  2 tengu warriors (D:13)
  14 slime creatures (D:14 D:15)
  5 skeletal warriors (D:14)
  An unseen horror (D:14)
  A wizard (D:14)
  Pikel (D:5)
  21 ugly things (D:11 D:12 D:13 D:14 D:15)
  A deep elf mage (D:15)
  3 manticores (D:12 D:15)
  Joseph (D:7)
  2 gargoyles (D:13)
  A freezing wraith (D:15)
  2 komodo dragons (D:15)
  3 yaktaurs (D:15)
  A tengu conjurer (D:10)
  9 trolls (D:10 D:12 D:13 D:14 D:15)
  Grinder (D:5)
  2 hippogriffs (D:10 D:15)
  A harpy skeleton (D:15)
  2 wyverns (D:11 D:15)
  A vampire (D:14)
  17 yaks (D:9 D:12 D:13)
  3 wraiths (D:13 D:14 D:15)
  3 shadows (D:13 D:14)
  2 steam dragons (D:10)
  14 vampire mosquitoes (D:14 D:15)
  2 hungry ghosts (D:11 D:15)
  2 acid dragons (D:14 D:15)
  A water moccasin (D:13)
  7 ice beasts (D:5 D:7 D:8 D:10 D:11)
  4 porcupines (D:9)
  3 sky beasts (D:7 D:8 D:10)
  4 black bears (D:7 D:10 D:13)
  7 orc warriors (D:9 D:11 D:12 D:14)
  7 ogres (D:4 D:5 D:9 D:11)
  A necrophage (D:9)
  11 centaurs (D:5 D:10 D:11 D:13 D:15)
  A crocodile (D:14)
  A big kobold (D:8)
  Blork the orc (D:5)
  2 wyvern zombies (D:13 D:14)
  9 gnoll sergeants (D:6 Bailey)
  7 bullfrogs (D:4 D:5 D:6 D:8 D:11)
  3 scorpions (D:6 D:7)
  12 killer bees (D:10 D:11)
  5 wights (D:11)
  4 howler monkeys (D:5 D:10 D:11 D:13)
  3 electric eels (D:12)
  3 crimson imps (D:8 D:12 D:15)
  A bullfrog zombie (D:8)
  4 centaur zombies (D:10 D:13 D:14)
  2 quasits (D:6 D:13)
  4 bullfrog skeletons (D:6 D:9 D:11)
  5 centaur skeletons (D:5 D:9 D:10 D:11 D:13)
  9 orc priests (D:7 D:8 D:9 D:10 D:11)
  7 hounds (D:5 Bailey D:8 D:11)
  3 jellies (D:5 D:14)
  10 orc wizards (Temple D:5 D:7 D:11 D:12)
  6 gnoll shamans (Bailey)
  7 iguanas (D:5 D:6 D:9 D:11 D:13)
  Natasha (thrice) (D:2)
  13 worker ants (D:3 D:5 D:4 D:6 D:7)
  Robin (D:2)
  A worker ant zombie (D:10)
  20 gnolls (D:5 D:6 Bailey D:8)
  A howler monkey skeleton (D:5)
  13 adders (D:2 D:3 D:4 D:5 D:6)
  6 shadow imps (D:6 D:8 D:9 D:14 D:15)
  3 oozes (D:3 D:6)
  2 adder zombies (D:5 D:6)
  3 adder skeletons (D:5 D:6)
  3 worms (D:2 D:4 D:5)
  3 dart slugs (D:1 D:3)
  4 leopard geckos (D:2 D:6 D:11)
  55 orcs (D:3 D:4 Temple D:5 D:7)
  2 ball pythons (D:2 D:3)
  4 giant cockroaches (D:2 D:5)
  19 goblins (D:1 D:2 D:3 D:7)
  10 hobgoblins (D:1 D:2)
  15 jackals (D:2 Temple D:5 D:8)
  8 quokkas (D:2 D:5 D:6 D:8 D:9)
  A ball python skeleton (D:4)
  A bat (D:2)
  5 frilled lizards (D:2 D:3 D:5)
  2 jackal zombies (D:5 D:7)
  8 kobolds (D:1 D:2 D:8)
  3 leopard gecko skeletons (D:5 D:4)
  A quokka zombie (D:5)
  7 rats (D:1 D:2 D:3)
503 creatures vanquished.

Vanquished Creatures (others)
  2 frilled lizards (D:5)
2 creatures vanquished.

Grand Total: 505 creatures vanquished

Notes
Turn   | Place    | Note
-------+----------+-------------------------------------------
     0 | D:1      | Monsterracer the Gargoyle Fighter began the quest for the
                  | Orb.
     0 | D:1      | Reached XP level 1. HP: 14/14 MP: 1/1
    27 | D:1      | Reached XP level 2. HP: 19/19 MP: 2/2
   236 | D:1      | Found a shimmering altar of Xom.
   488 | D:2      | Reached skill level 3 in Maces & Flails
   488 | D:2      | Reached XP level 3. HP: 24/24 MP: 3/3
   508 | D:2      | Noticed Natasha
   517 | D:2      | Killed Natasha
   688 | D:2      | Reached XP level 4. HP: 29/29 MP: 4/4
   701 | D:2      | Noticed Robin
   746 | D:2      | Killed Robin
   750 | D:2      | Reached skill level 4 in Maces & Flails
   961 | D:2      | Noticed Natasha
   974 | D:2      | Killed Natasha
   974 | D:2      | Reached XP level 5. HP: 22/34 MP: 5/5
  1422 | D:2      | Noticed Natasha
  1460 | D:2      | HP: 17/34 [Natasha/magic dart (6)]
  1464 | D:2      | HP: 8/34 [Natasha/magic dart (5)]
  1466 | D:2      | Killed Natasha
  2020 | D:3      | Reached skill level 5 in Maces & Flails
  2020 | D:3      | Reached XP level 6. HP: 38/40 MP: 6/6
  2190 | D:3      | Found a sparkling altar of Nemelex Xobeh.
  2190 | D:3      | Found a radiant altar of Vehumet.
  2580 | D:4      | Found Sadd's Armour Shop.
  2587 | D:4      | Reached skill level 5 in Fighting
  2637 | D:4      | Bought a +0 pair of boots for 58 gold pieces
  2651 | D:4      | Found Ihapivvu's Book Shoppe.
  2665 | D:4      | Found Oshroybb's Jewellery Boutique.
  2767 | D:4      | HP: 19/40 [ogre/+0 giant spiked club (12)]
  2792 | D:3      | Reached skill level 6 in Maces & Flails
  2797 | D:3      | Reached XP level 7. HP: 25/44 MP: 7/7
  2970 | D:4      | You fall into a shaft and drop 1 floor!
  2970 | D:5      | Entered Level 5 of the Dungeon
  2970 | D:5      | Found a staircase to the Ecumenical Temple.
  2974 | Temple   | Entered the Ecumenical Temple
  3090 | Temple   | Became a worshipper of the Shining One
  3134 | D:5      | Noticed Grinder
  3161 | D:5      | Paralysed by Grinder for 5 turns
  3166 | D:5      | Killed Grinder
  3166 | D:5      | Reached skill level 1 in Invocations
  3494 | D:4      | Found Boob's Antique Armour Emporium.
  3505 | D:4      | HP: 17/45 [ogre/+0 giant spiked club (28)]
  3807 | D:4      | Reached XP level 8. HP: 47/51 MP: 9/9
  3908 | D:4      | Found Wurphaiq's Jewellery Emporium.
  4041 | D:5      | Reached skill level 7 in Maces & Flails
  4093 | D:5      | Noticed Blork the orc
  4093 | D:5      | Reached * piety under the Shining One
  4111 | D:5      | Killed Blork the orc
  4435 | D:5      | Noticed Pikel
  4457 | D:5      | Killed Pikel
  4457 | D:5      | Reached skill level 8 in Maces & Flails
  4457 | D:5      | Reached skill level 5 in Armour
  4457 | D:5      | Reached skill level 5 in Shields
  4457 | D:5      | Reached XP level 9. HP: 54/56 MP: 11/11
  4703 | D:6      | Noticed a two-headed ogre
  4708 | D:6      | HP: 28/56 [two-headed ogre/+0 giant club (13)]
  4715 | D:6      | HP: 22/56 [two-headed ogre/+0 giant club (1)]
  4716 | D:6      | Killed a two-headed ogre
  4752 | D:6      | HP: 26/57 [bullfrog (2)]
  4758 | D:5      | HP: 26/57 [bullfrog (1)]
  4761 | D:5      | Reached skill level 9 in Maces & Flails
  5124 | D:6      | Reached ** piety under the Shining One
  5866 | D:7      | Reached skill level 5 in Invocations
  5880 | D:7      | Reached XP level 10. HP: 63/63 MP: 13/13
  5910 | D:7      | Found a flagged portal.
  5924 | Bailey   | Entered a bailey
  6246 | Bailey   | HP: 28/64 [gnoll shaman/+0 trident (6)]
  6529 | Bailey   | HP: 22/64 [gnoll sergeant/+0 glaive (11)]
  6535 | Bailey   | HP: 16/64 [gnoll shaman/+0 spear (1)]
  7027 | D:7      | Reached *** piety under the Shining One
  7085 | D:7      | Noticed Joseph
  7095 | D:7      | Killed Joseph
  7099 | D:7      | Reached skill level 10 in Maces & Flails
  7381 | D:7      | You fall into a shaft and drop 2 floors!
  7412 | D:9      | Found Gicesac's Food Boutique.
  7445 | D:9      | Found a shimmering altar of Xom.
  7905 | D:4      | Bought a +1 pair of gloves for 149 gold pieces
  7923 | D:4      | Bought a +3 ring of protection for 210 gold pieces
  7951 | D:4      | Bought a glowing chain mail for 165 gold pieces
  7966 | D:4      | Bought a runed scarf for 176 gold pieces
  8322 | D:8      | Found a shadowy altar of Dithmenos.
  8328 | D:8      | Found a burning altar of Makhleb.
  8948 | D:9      | Reached XP level 11. HP: 69/69 MP: 15/15
  9084 | D:9      | Found a staircase to the Lair.
  9357 | D:9      | Reached **** piety under the Shining One
  9496 | D:10     | Entered Level 10 of the Dungeon
  9720 | D:10     | Found a sparkling altar of Nemelex Xobeh.
  9784 | D:10     | Found a large runed translucent door.
  9784 | D:10     | Found a large runed translucent door.
  9799 | D:10     | Noticed Lanoc's ghost (journeyman OgCK)
  9849 | D:10     | Reached skill level 11 in Maces & Flails
 10433 | D:10     | Killed Lanoc's ghost
 10565 | D:11     | Noticed an eight-headed hydra
 10574 | D:11     | Killed an eight-headed hydra
 10727 | D:11     | Found a portal to a secret trove of treasure.
 11088 | D:11     | Noticed a red ugly thing
 11098 | D:11     | Killed a red ugly thing
 11547 | D:11     | You fall into a shaft and drop 1 floor!
 11602 | D:12     | HP: 29/71 [orc priest/divine providence (8)]
 11653 | D:12     | HP: 33/71 [electric eel/bolt of electricity (1)]
 11898 | D:12     | Noticed a cyan ugly thing
 11911 | D:12     | Killed a cyan ugly thing
 11911 | D:12     | Reached XP level 12. HP: 68/76 MP: 17/17
 12016 | D:12     | Reached ***** piety under the Shining One
 12215 | D:12     | Reached skill level 12 in Maces & Flails
 12781 | D:12     | Found a staircase to the Orcish Mines.
 13434 | D:13     | Reached skill level 10 in Fighting
 13473 | D:13     | Noticed a tengu warrior
 13473 | D:13     | Noticed a tengu warrior
 13507 | D:13     | Killed a tengu warrior
 13534 | D:13     | Killed a tengu warrior
 13590 | D:13     | Found a gate to the Vaults.
 13590 | D:13     | Noticed an ironheart preserver
 13616 | D:13     | Killed an ironheart preserver
 14285 | D:14     | Noticed a centaur warrior
 14285 | D:14     | Noticed a centaur warrior
 14488 | D:13     | Killed a centaur warrior
 14488 | D:13     | Reached skill level 13 in Maces & Flails
 14502 | D:13     | Reached XP level 13. HP: 57/83 MP: 19/19
 14675 | D:14     | HP: 18/83 [wizard/crystal spear (40)]
 14970 | D:14     | Reached skill level 10 in Shields
 15029 | D:14     | Reached skill level 10 in Armour
 15212 | D:14     | Noticed Snorg
 15242 | D:14     | Killed Snorg
 15454 | D:14     | Reached ****** piety under the Shining One
 15849 | D:14     | HP: 34/84 [titanic slime creature (43)]
 16161 | D:14     | Reached skill level 10 in Invocations
 16186 | D:14     | Reached skill level 14 in Maces & Flails
 16297 | D:14     | HP: 35/84 [large slime creature (15)]
 16339 | D:14     | HP: 18/84 [large slime creature (13)]
 16385 | D:14     | HP: 18/84 [slime creature (10)]
 16855 | D:15     | Entered Level 15 of the Dungeon
 16856 | D:15     | Found an iron altar of Okawaru.
 16967 | D:15     | Gained mutation: Your large and strong wings let you fly
                  | indefinitely. [Gargoyle growth]
 16967 | D:15     | Reached XP level 14. HP: 89/90 MP: 21/21
 18154 | D:15     | Found a white marble altar of Elyvilon.
 18154 | D:15     | Found a runed translucent door.
 18154 | D:15     | Noticed a daeva
 18658 | D:15     | Slain by a titanic slime creature

Levels and vault maps discovered:
D:1:      minmay_arrival_hallway, layout_rooms, xom_teletrap_fun
D:2:      layout_loops_ring, first_ration, uniq_robin, uniq_natasha
D:3:      layout_basic, chequers_temple_overflow_statue_of_worship
D:4:      layout_gridville, serial_shops, shop, nicolae_shop_crystal,
          kennysheep_mini, shop, shop
D:5:      cheibrodos_fzero, layout_loops_ring, minmay_temple_entry_stoned_glass,
          minmay_circle_x, uniq_blork_the_orc, uniq_grinder, uniq_pikel
D:6:      layout_basic
D:7:      layout_basic, enter_bailey_3, uniq_joseph
D:8:      layout_basic, gammafunk_temple_overflow_statue, eino_tiny_chamber
D:9:      layout_loops_corners, grunt_lair_entry_orc_guard_hut, serial_shops,
          shop, basic_altar
D:10:     layout_irregular_city, ebering_ghost_disaster_area, grunt_tengu_nest,
          nemelex_altar_shiori
D:11:     layout_irregular_city, enter_trove_3
D:12:     layout_irregular_city, erik_orc_2
D:13:     layout_roguey, skrybe_vaults_entry_preservation
D:14:     layout_rooms, grunt_decor_clamped, uniq_snorg
D:15:     gammafunk_enter_depths_forms, layout_basic, okawaru_ov_weapons_minmay,
          lemuel_angel_altar
Temple:   eino_narrow_crystal_temple

Skill      XL: |  1  2  3  4  5  6  7  8  9 10 11 12 13 14 |
---------------+-------------------------------------------+-----
Maces & Flails | 3 4 5 6 8 9 10 11 13 14 | 14.0
Fighting       | 4 5 6 7 8 9 10 11 12 | 12.4
Invocations    | 2 3 5 6 7 9 10 11 | 11.4
Armour         | 5 6 7 8 9 10 11 | 11.2
Shields        | 5 6 7 8 9 10 11 | 11.3
Dodging        | |  0.5
Evocations     | |  0.6

Action                   |  1- 3 |  4- 6 |  7- 9 | 10-12 | 13-15 || total
-------------------------+-------+-------+-------+-------+-------++-------
Melee: Flail             |    77 |   333 |   171 |    49 |       ||   630
       Unarmed           |       |       |    13 |       |       ||    13
       Whip              |       |       |   122 |  1021 |   844 ||  1987
 Abil: Fly               |       |       |       |       |     1 ||     1
  Use: Scroll            |     2 |     9 |     1 |     6 |     7 ||    25
  Eat: Chunk             |       |     7 |    10 |    28 |    13 ||    58
       Ration            |       |       |       |       |     1 ||     1
Armor: Scale mail        |    11 |       |       |    18 |       ||    29
       Plate armour      |    38 |   243 |   179 |   100 |       ||   560
       Skin              |       |       |    12 |       |       ||    12
       Chain mail        |       |       |       |   277 |   216 ||   493
Dodge: Dodged            |    18 |    46 |    42 |   117 |    47 ||   270
Block: Shield            |    37 |   197 |   157 |   142 |       ||   533
       Large shield      |       |       |       |   513 |   522 ||  1035
